Map: Acid Plant LE

Players

Ryung - Winner!

  • Race: Terran Terran
  • Spawn Location: 11:00

HeRoMaRinE

  • Race: Terran Terran
  • Spawn Location: 5:00

Event: IEM Season 12 - Katowice

VOD

Have the link to the VOD?

Description

Time

  • Played on: March 2, 2018, 12:16 p.m.
  • Length: 13:23

All games in this series

Show
View Real Time Build Order
Export as new Build Order

Ryung Terran - Winner!

Build Orders: Gas First Reaper Expand, Reaper Expand, Bio Tank 

Get SALT Encoding   

  12  0:01  SCV  
  13  0:13  SCV  
  14  0:17  Supply Depot  
  14  0:25  SCV  
  14  0:28  Refinery  
  15  0:38  SCV  
  16  0:44  Barracks  
  16  0:51  SCV  
  17  1:03  SCV  
  18  1:15  SCV  
  19  1:30  Orbital Command  
  19  1:31  Reaper  
  20  1:45  Command Center  
  20  1:56  Factory  
  20  2:00  SCV  
  21  2:06  Barracks Reactor  
  21  2:12  Supply Depot, SCV  
  22  2:18  Refinery  
  22  2:24  SCV  
  23  2:39  SCV  
  23  2:41  Hellion  
  23  2:43  Starport  
  26  2:44  Marine  
  26  2:46  Marine  
  28  2:54  SCV  
  26  2:58  Orbital Command  
  29  3:02  Factory Tech Lab  
  29  3:03  Marine  
  30  3:07  Marine  
  30  3:10  SCV  
  32  3:17  Bunker  
  32  3:23  SCV  
  32  3:25  SCV  
  34  3:27  Raven  
  34  3:28  Marine  
  34  3:29  Marine  
  38  3:34  Factory Tech Lab  
  38  3:35  SCV  
  38  3:38  SCV  
  39  3:44  Supply Depot  
  39  3:47  SCV  
  40  3:50  SCV, Marine x2  
  46  4:05  SCV x2  
  46  4:08  Supply Depot  
  48  4:17  SCV x2  
  48  4:18  Raven  
  48  4:21  Command Center  
  49  4:25  Refinery  
  49  4:26  Refinery  
  49  4:29  SCV x2, Siege Tank  
  54  4:32  Marine  
  54  4:34  Marine  
  56  4:42  SCV x2  
  58  4:45  Supply Depot  
  58  4:52  Engineering Bay  
  58  4:55  Engineering Bay  
  58  4:57  SCV  
  59  5:04  SCV  
  59  5:09  SCV  
  59  5:11  Starport Reactor  
  60  5:15  Stimpack  
  60  5:17  SCV  
  61  5:21  SCV  
  61  5:22  Terran Infantry Armor Level 1, Terran Infantry Weapons Level 1  
  61  5:27  Barracks  
  62  5:30  Barracks  
  62  5:31  SCV  
  62  5:33  SCV  
  64  5:36  Orbital Command  
  64  5:41  Siege Tank  
  67  5:43  SCV  
  67  5:45  SCV, Marine  
  70  5:53  Starport Reactor  
  70  5:54  Missile Turret  
  69  5:59  SCV x2  
  69  6:02  Marine  
  69  6:08  SCV  
  70  6:11  SCV  
  70  6:12  Barracks  
  70  6:13  Barracks  
  70  6:14  Siege Tank  
  70  6:15  Marine  
  70  6:16  Marine  
  76  6:20  Missile Turret, Marine  
  76  6:23  Marine x2  
  76  6:24  Orbital Command  
  79  6:30  SCV x2  
  78  6:34  Supply Depot  
  78  6:35  Medivac x2  
  78  6:38  Marine  
  82  6:44  Marine x4  
  82  6:46  SCV  
  85  6:48  SCV  
  85  6:53  SCV  
  85  6:56  Marine, Armory  
  85  6:58  SCV  
  85  7:00  SCV  
  88  7:03  Barracks Reactor  
  88  7:05  SCV  
  88  7:06  Siege Tank  
  92  7:10  SCV  
  92  7:14  Medivac  
  93  7:15  Barracks Reactor  
  93  7:23  Marine x4, Medivac  
  93  7:25  Supply Depot  
  93  7:29  Marine  
  100  7:33  SCV  
  101  7:37  Combat Shields  
  101  7:42  Supply Depot  
  101  7:45  Supply Depot, Terran Infantry Armor Level 2, Terran Infantry Weapons Level 2  
  101  7:46  Marine x2  
  101  7:47  SCV x3  
  101  7:50  Supply Depot  
  106  7:51  Refinery  
  106  7:52  Refinery  
  106  7:53  Supply Depot  
  106  7:55  Marine x3  
  109  8:04  SCV x3, Marine  
  113  8:08  Marine x5  
  113  8:09  Siege Tank  
  113  8:11  Terran Vehicle Weapons Level 1  
  118  8:13  Marine  
  118  8:16  SCV x2  
  113  8:29  SCV x3  
  113  8:30  Medivac x2  
  117  8:37  Factory  
  117  8:40  Sensor Tower  
  117  8:43  Supply Depot  
  117  8:44  SCV x3  
  117  8:46  Marine x2  
  117  8:47  Marine x4  
  126  8:50  Siege Tank  
  126  8:53  Marine x2  
  118  8:59  Marine  
  114  9:04  Marine x5  
  119  9:11  Marine x3  
  119  9:16  Viking  
  119  9:17  Marine  
  124  9:21  Command Center  
  125  9:27  Siege Tank, Factory Tech Lab  
  125  9:31  Marine x4  
  128  9:36  Marine x4  
  136  9:46  Viking, Siege Tank  
  136  9:47  Viking  
  136  9:49  Marine x2  
  136  9:51  Supply Depot x2  
  145  9:53  Marine x3  
  145  9:54  Marine  
  145  9:58  Marine x3  
  145  9:59  Siege Tank  
  155  10:07  Terran Infantry Weapons Level 3, Marine, Terran Vehicle Weapons Level 2  
  156  10:17  Marine x6  
  156  10:19  Marine x2  
  164  10:25  Marine  
  163  10:35  Marine x5  
  166  10:38  Marine x2  
  163  10:43  Marine x2  
  163  10:44  Siege Tank x2  
  169  10:53  Medivac x2  
  173  11:01  Marine x4  
  174  11:08  Marine x4  
  157  11:12  Marine  
  135  11:19  Siege Tank x2, Marine x4  
  136  11:26  Marine x4  
  136  11:30  Marine  
  141  11:37  Marine x4  
  145  11:42  Command Center  
  145  11:44  Marine x3  
  148  11:47  Medivac x2  
  148  11:48  Marine  
  148  11:49  Marine  
  154  11:54  Marine  
  139  12:02  Marine x4  
  139  12:04  Marine x2  
  139  12:06  Marine x2  
  141  12:12  Marine  
  142  12:20  Marine x4  
  142  12:22  Marine  
  147  12:23  Siege Tank x2, Marine  
  147  12:24  Marine x2  
  147  12:27  Barracks  
  147  12:29  Barracks x2  
  156  12:30  Marine  
  149  12:38  Marine x4  
  149  12:40  Marine  
  149  12:41  Marine  
  149  12:42  Marine x2  
  143  12:44  Medivac x2  
  143  12:48  Marine  
  148  12:56  Marine x4  
  148  12:57  Marine  
  153  12:59  Marine  
  153  13:00  Marine x2  
  154  13:16  Command Center  
Show
View Real Time Build Order
Export as new Build Order

HeRoMaRinE Terran 

Build Orders: Gas First Reaper Expand, Reaper Expand, Bio Tank, Banshee Rush 

Get SALT Encoding   

  12  0:00  SCV  
  13  0:13  SCV  
  14  0:17  Supply Depot  
  14  0:25  SCV  
  15  0:29  Refinery  
  15  0:38  SCV  
  16  0:44  Barracks  
  16  0:50  SCV  
  17  1:03  SCV  
  18  1:15  SCV  
  19  1:31  Reaper, Orbital Command  
  20  1:42  Command Center  
  20  1:53  Factory  
  20  1:57  SCV  
  21  2:05  Barracks Reactor  
  21  2:09  SCV  
  21  2:12  Supply Depot  
  21  2:15  Refinery  
  22  2:21  SCV  
  23  2:34  SCV  
  24  2:42  Marine x2  
  27  2:44  Hellion  
  27  2:45  Starport  
  27  2:46  SCV  
  28  2:58  SCV, Orbital Command  
  28  3:01  Marine  
  28  3:02  Marine  
  31  3:06  Factory Tech Lab  
  31  3:12  Bunker  
  31  3:15  SCV  
  32  3:23  SCV  
  33  3:27  SCV  
  33  3:30  Marine x2  
  33  3:33  Cloaking Field  
  36  3:37  Banshee  
  36  3:40  SCV x2  
  41  3:42  Factory Tech Lab  
  41  3:47  Supply Depot  
  41  3:52  SCV x2  
  43  3:57  Engineering Bay  
  43  4:04  SCV x2  
  43  4:09  Siege Tank  
  48  4:16  SCV  
  51  4:23  Banshee  
  54  4:25  Supply Depot  
  52  4:31  Command Center  
  52  4:35  SCV x2  
  54  4:43  Refinery  
  54  4:44  Refinery  
  54  4:46  Engineering Bay  
  54  4:49  SCV x2  
  56  4:53  Siege Tank  
  59  5:01  SCV x2  
  61  5:16  Starport Reactor  
  61  5:17  SCV  
  61  5:18  SCV  
  61  5:19  Stimpack  
  61  5:20  Barracks  
  61  5:22  Supply Depot  
  61  5:25  Terran Infantry Weapons Level 1  
  61  5:26  Barracks  
  61  5:30  Marine  
  61  5:31  Terran Infantry Armor Level 1  
  62  5:43  SCV x2, Siege Tank  
  62  5:44  Orbital Command  
  62  5:45  Supply Depot  
  67  5:53  Marine  
  67  5:55  SCV x2  
  70  6:02  Starport Reactor  
  70  6:07  SCV x2  
  70  6:10  Marine x2  
  70  6:11  Marine  
  75  6:17  Siege Tank  
  78  6:19  SCV  
  78  6:20  Orbital Command  
  78  6:21  Supply Depot, SCV  
  78  6:22  Supply Depot  
  80  6:29  Marine x2  
  80  6:31  SCV  
  80  6:32  Barracks  
  83  6:33  Marine  
  83  6:34  SCV, Barracks  
  83  6:39  Marine x2  
  87  6:43  SCV  
  87  6:46  SCV  
  87  6:47  Marine x2, Medivac x2  
  89  6:50  Marine  
  96  6:55  SCV  
  96  6:56  SCV  
  96  6:58  SCV  
  96  7:00  Supply Depot  
  99  7:02  Marine, Armory  
  99  7:03  Marine  
  99  7:05  Siege Tank, Marine  
  99  7:07  SCV  
  99  7:08  SCV  
  107  7:10  SCV  
  107  7:15  Marine  
  109  7:21  Supply Depot  
  109  7:22  SCV x3, Medivac x2  
  116  7:25  Marine  
  116  7:26  Combat Shields  
  116  7:27  Barracks Reactor x2  
  116  7:28  Supply Depot  
  117  7:30  Supply Depot  
  117  7:31  Marine x3  
  117  7:37  SCV x2  
  119  7:43  Marine  
  119  7:44  Marine  
  118  7:48  SCV  
  118  7:49  SCV x2, Marine, Refinery  
  118  7:51  Marine x2, Refinery  
  123  8:01  Marine x2  
  123  8:03  Marine  
  126  8:07  Siege Tank, Marine  
  126  8:08  Marine x3  
  126  8:09  Marine x2  
  133  8:14  Terran Infantry Armor Level 2, Terran Infantry Weapons Level 2  
  133  8:16  Factory  
  133  8:19  Marine x2  
  135  8:21  Marine  
  135  8:24  Marine  
  135  8:26  Marine x3  
  122  8:28  Marine x2  
  122  8:31  Medivac x2  
  122  8:37  Marine x2  
  122  8:39  Siege Tank, Marine  
  128  8:42  Marine  
  128  8:44  Marine x3  
  128  8:46  Sensor Tower, Marine x2  
  128  8:47  Liberator x2  
  134  8:55  Marine  
  125  8:57  Marine  
  125  8:59  Marine  
  125  9:00  Marine  
  125  9:02  Marine x2  
  125  9:03  Marine  
  125  9:04  Marine x2  
  125  9:07  Factory Tech Lab  
  125  9:09  Supply Depot  
  135  9:11  Siege Tank  
  135  9:12  Marine  
  135  9:14  Marine  
  140  9:17  Marine  
  140  9:18  Marine  
  140  9:19  Terran Vehicle Weapons Level 1  
  140  9:20  Marine x2  
  143  9:26  Missile Turret  
  142  9:31  Command Center  
  142  9:32  Marine  
  142  9:33  Marine x3  
  146  9:43  Siege Tank, Marine x2  
  146  9:44  Marine  
  152  9:50  Supply Depot x2  
  152  9:51  Supply Depot  
  152  9:56  Marine  
  152  9:57  Marine  
  152  9:59  Marine  
  155  10:01  Viking  
  155  10:04  Supply Depot  
  155  10:05  Supply Depot  
  157  10:11  Viking, Siege Tank, Marine x2  
  164  10:26  Marine x2  
  161  10:30  Marine x4  
  161  10:31  Siege Tank  
  161  10:32  Marine x2  
  163  10:35  Marine  
  163  10:38  Terran Infantry Armor Level 3, Terran Infantry Weapons Level 3  
  163  10:40  Medivac  
  163  10:41  Medivac  
  164  10:44  Marine x2  
  164  10:48  Marine x4  
  160  10:50  Marine x2  
  160  10:53  Marine  
  156  10:58  SCV x2  
  156  10:59  SCV  
  156  11:02  Marine x2  
  156  11:05  Marine  
  156  11:06  Marine x3  
  156  11:07  Marine  
  156  11:08  Marine  
  137  11:11  Marine  
  137  11:17  SCV x2  
  115  11:18  SCV  
  115  11:19  Marine  
  115  11:20  Marine  
  115  11:23  Marine  
  115  11:24  Marine x3  
  108  11:25  Marine  
  108  11:28  Marine, Refinery  
  108  11:31  Siege Tank  
  114  11:35  SCV x3  
  114  11:37  Marine x2  
  114  11:39  Siege Tank  
  121  11:42  Marine x2  
  121  11:45  Marine x3  
  121  11:46  Marine x2  
  128  11:51  Medivac  
  128  11:53  Medivac  
  132  11:55  Marine x2  
  132  12:00  Marine  
  123  12:04  Marine, Planetary Fortress  
  123  12:05  Marine x3  
  123  12:07  SCV  
  123  12:08  SCV x2  
  127  12:12  Marine x2  
  127  12:13  Marine x2  
  132  12:17  Siege Tank x2, Marine  
  132  12:19  SCV  
  132  12:20  SCV x2  
  132  12:21  Medivac  
  132  12:22  Marine  
  139  12:23  Marine x2  
  139  12:26  Marine  
  134  12:30  Marine  
  134  12:35  Marine  
  109  12:37  Medivac  
  109  12:38  Marine x2  
  109  12:40  Marine x2  
  109  12:41  Marine  
  109  12:42  Marine  
  109  12:45  Marine  
  109  12:47  Marine  
  109  12:49  Siege Tank  
  114  12:51  Medivac  
  114  12:53  Marine  
  114  12:56  Marine x2  
  114  12:57  Marine  
  122  12:59  Marine x2  
  122  13:00  Marine  
  122  13:03  Marine  

Tags
 
Add a new tag
Caveats
  • Supply blocks, unpowered buildings, or Contaminate may cause inaccurate times.
  • Supply counts are checked every 10 seconds.